 Dungeon Crawl Stone Soup version 0.23.0-33-g5e6c059 (webtiles) character file.

Game seed: 13430408161947543451

1199 Fang the Skirmisher (level 8, -6/76 HPs)
             Began as a Gargoyle Berserker on Feb 26, 2019.
             Was an Elder of Trog.
             Mangled by a two-headed ogre
             ... wielding a +0 giant spiked club
              (24 damage)
             ... on level 8 of the Dungeon.
             The game lasted 00:07:28 (5271 turns).

Fang the Skirmisher (Gargoyle Berserker)            Turns: 5271, Time: 00:07:29

Health: -6/76      AC: 18    Str: 28      XL:     8   Next: 44%
Magic:  17/17      EV:  9    Int:  8      God:    Trog [****..]
Gold:   227        SH:  0    Dex:  8 (9)  Spells: 7/7 levels left

rFire    . . .     SeeInvis .   r - +0 executioner's axe
rCold    . . .     Gourm    .   (shield currently unavailable)
rNeg     + . .     Faith    .   i - +0 plate armour
rPois    ∞         Spirit   .   (no helmet)
rElec    +         Reflect  .   (no cloak)
rCorr    .         Harm     .   (no gloves)
MR       .....                  (no boots)
Stlth    ..........             y - amulet of magic regeneration
HPRegen  0.22/turn              l - ring of magical power
MPRegen  0.40/turn              t - ring of stealth

@: berserking (expiring), very quick
A: negative energy resistance 1, electricity resistance, unbreathing,
petrification resistance, rot immunity, AC +5
a: Berserk, Trog's Hand, Brothers in Arms, Renounce Religion


You were on level 8 of the Dungeon.
You worshipped Trog.
Trog was greatly pleased with you.
You were not hungry.

You visited 1 branch of the dungeon, and saw 8 of its levels.

You collected 337 gold pieces.
You spent 110 gold pieces at shops.

Inventory:

Hand Weapons
 r - a +0 executioner's axe (weapon)
Armour
 i - a +0 plate armour (worn)
Jewellery
 a - an uncursed ring of protection from magic
 l - a ring of magical power (left hand)
 t - a ring of stealth (right hand)
 y - an amulet of magic regeneration (around neck)
Wands
 w - a wand of polymorph (7)
Scrolls
 b - 3 scrolls of remove curse {unknown}
 d - 2 scrolls of enchant weapon {unknown}
 e - 2 scrolls of teleportation {unknown}
 f - 8 scrolls of identify {unknown}
 g - 2 scrolls of amnesia {unknown}
 m - 2 scrolls of magic mapping {unknown}
 p - 3 scrolls of enchant armour {unknown}
 u - a scroll of immolation {unknown}
 v - a scroll of acquirement {unknown}
 x - 4 scrolls of fear {unknown}
Potions
 h - 3 potions of curing {unknown}
 j - 2 potions of degeneration {unknown}
 k - 2 potions of brilliance {unknown}
 n - a potion of berserk rage {unknown}
 o - a potion of lignification {unknown}
 q - a potion of mutation {unknown}
 s - a potion of heal wounds {unknown}
Comestibles
 c - 15 rations
 z - 5 chunks of flesh


   Skills:
 + Level 6.2 Fighting
 + Level 5.2 Axes
 + Level 5.6 Armour
 + Level 4.3 Dodging


You had 7 spell levels left.
You didn't know any spells.
Your spell library was empty.

Dungeon Overview and Level Annotations

Branches:
Dungeon (7/15)
 Temple: D:4-7

Altars:
Ashenzari
Dithmenos
Fedhas
Kikubaaqudgha
Makhleb
Nemelex Xobeh
Ru
Sif Muna
Trog
Vehumet
Yredelemnul
The Shining One

Shops:
D:4 *


Innate Abilities, Weirdness & Mutations

You are resistant to torment.
Your stone body is resilient. (AC +5)
You are immune to poison.
You resist negative energy. (rN+)
You are resistant to electric shocks. (rElec)
You can survive without breathing.
You are immune to petrification.
You are immune to rotting.


Message History

The bullfrog hits you but does no damage.
The tengu conjurer casts a spell at you.
The bolt of lightning hits you. You resist.
The bullfrog hits you but does no damage.
The tengu conjurer blocks your attack.
You miss the bullfrog. The bullfrog hits you.
* * * LOW HITPOINT WARNING * * *
The tengu conjurer gestures wildly while chanting.
The tengu conjurer conjures a globe of magical energy!
The tengu conjurer closely misses you. x2; The tengu conjurer claws you.
* * * LOW HITPOINT WARNING * * *
A battlesphere comes into view.
The tengu conjurer blocks your attack.
Your plate armour prevents you from hitting the two-headed ogre.
The tengu conjurer hits you but does no damage.
The tengu conjurer pecks you but does no damage.
The tengu conjurer claws you but does no damage.
You miss the tengu conjurer. You slice the two-headed ogre!!
The two-headed ogre hits you with a +0 giant spiked club!!
You die...

#.# #.#
######.#####
#..........#
#..........+
#..........#####
#.......(.......
#...)...O*..#...
#....†.@QF......
##########....##
...# .... ... ..


Q You could see a two-headed ogre, a tengu conjurer, a bullfrog and a
battlesphere.

Vanquished Creatures
  A sky beast (D:7)
  An ogre (D:6)
  2 centaurs
  2 scorpions
  A howler monkey (D:5)
  2 hounds
  A quasit (D:6)
  2 orc priests (D:3)
  3 orc wizards
  A bullfrog skeleton (D:6)
  2 worker ants
  A killer bee zombie (D:6)
  Robin (D:3)
  A worker ant zombie (D:8)
  9 adders
  11 gnolls
  An ooze (D:5)
  An adder skeleton (D:4)
  7 worms
  2 dart slugs
  21 orcs
  8 giant cockroaches
  13 goblins
  17 hobgoblins
  8 jackals (D:1)
  8 kobolds
  2 quokkas (D:3)
  9 bats
  8 frilled lizards
  A leopard gecko skeleton (D:4)
  8 rats
155 creatures vanquished.

Vanquished Creatures (others)
  An adder (D:8)
1 creature vanquished.

Grand Total: 156 creatures vanquished

Notes
Turn   | Place    | Note
-------+----------+-------------------------------------------
     0 | D:1      | Fang the Gargoyle Berserker began the quest for the Orb.
     0 | D:1      | Reached XP level 1. HP: 14/14 MP: 1/1
   119 | D:1      | Reached XP level 2. HP: 18/19 MP: 2/2
   417 | D:1      | Reached XP level 3. HP: 20/23 MP: 3/3
   431 | D:1      | Reached ** piety under Trog
   508 | D:1      | You fall through a shaft!
   630 | D:2      | Reached XP level 4. HP: 29/29 MP: 4/4
   751 | D:2      | Reached skill level 4 in Fighting
  1026 | D:1      | Reached *** piety under Trog
  1370 | D:3      | Found a blossoming altar of Fedhas.
  1393 | D:3      | Reached XP level 5. HP: 17/33 MP: 5/5
  1771 | D:3      | Found an ancient bone altar of Kikubaaqudgha.
  1828 | D:3      | Reached XP level 6. HP: 39/39 MP: 6/6
  2019 | D:3      | Found a radiant altar of Vehumet.
  2194 | D:3      | Found a burning altar of Makhleb.
  2421 | D:3      | Noticed Robin
  2450 | D:3      | Killed Robin
  2774 | D:4      | Found a basalt altar of Yredelemnul.
  2845 | D:4      | Found Hefes's Mayhem Merchandise.
  2879 | D:4      | Bought a +0 executioner's axe for 110 gold pieces
  2893 | D:4      | Found a glowing golden altar of the Shining One.
  2917 | D:4      | Found a sacrificial altar of Ru.
  2925 | D:4      | Reached **** piety under Trog
  3152 | D:4      | Found a shadowy altar of Dithmenos.
  3303 | D:4      | Reached skill level 5 in Fighting
  3305 | D:4      | Reached XP level 7. HP: 36/44 MP: 7/7
  3395 | D:4      | Found a deep blue altar of Sif Muna.
  3471 | D:4      | Found a shattered altar of Ashenzari.
  3549 | D:5      | Entered Level 5 of the Dungeon
  3549 | D:5      | Found a bloodstained altar of Trog.
  3572 | D:5      | Found a shadowy altar of Dithmenos.
  3667 | D:5      | Found a sparkling altar of Nemelex Xobeh.
  4171 | D:6      | Reached skill level 5 in Armour
  4404 | D:6      | Reached XP level 8. HP: 48/51 MP: 8/8
  4579 | D:6      | Reached skill level 5 in Axes
  4590 | D:6      | Received a gift from Trog
  4612 | D:6      | Reached skill level 6 in Fighting
  5114 | D:7      | Found a radiant altar of Vehumet.
  5237 | D:7      | You fall through a shaft!
  5243 | D:8      | Noticed a two-headed ogre
  5254 | D:8      | Noticed a tengu conjurer
  5271 | D:8      | Mangled by a two-headed ogre

Skill      XL: |  1  2  3  4  5  6  7  8 |
---------------+-------------------------+-----
Dodging        | 2 3 4 |  4.3
Axes           | 3 4 5 |  5.2
Armour         | 3 4 5 |  5.6
Fighting       | 4 5 6 |  6.2

Action                   |  1- 3 |  4- 6 |  7- 9 || total
-------------------------+-------+-------+-------++-------
Melee: Hand axe          |   144 |   296 |       ||   440
       Executioner's axe |       |    88 |   220 ||   308
Invok: Berserk           |       |     2 |     2 ||     4
  Eat: Chunk             |       |     7 |     6 ||    13
       Ration            |       |     1 |     1 ||     2
Armor: Animal skin       |    17 |       |       ||    17
       Plate armour      |   102 |   376 |   323 ||   801
Dodge: Dodged            |    92 |   197 |   130 ||   419
